 Dungeon Crawl Stone Soup version 0.30.1-3-gfc49f6343a (webtiles) character file.

Game seed: 4992273535282212479

15122 spardeous the Destroyer (level 11, -8/74 HPs)
             Began as a Demigod Conjurer on Aug 1, 2023.
             Hit by a large rock thrown by a cyclops (18 damage)
             ... on level 11 of the Dungeon.
             The game lasted 00:23:03 (10980 turns).

spardeous the Destroyer (Demigod Conjurer)         Turns: 10980, Time: 00:23:04

Health: -8/74      AC: 15    Str:  8    XL:     11   Next: 66%
Magic:  9/29       EV: 10    Int: 32    God:
Gold:   636        SH:  0    Dex: 15    Spells: 21/30 levels left

rFire   + . .        T - +4 war axe (freeze)
rCold   . . .        (no shield)
rNeg    + + +        A - +5 ring mail "Isov Sar" {rPois rN++}
rPois   +            M - +0 helmet
rElec   .            x - +0 cloak
rCorr   .            Q - +1 pair of gloves {Stlth+}
SInv    .            B - +0 pair of boots
Will    ++...        g - amulet of magic regeneration
Stlth   ++           m - ring of protection from fire
HPRegen 0.32/turn    S - ring of Obsession {+Blink rN+ Will+ Dex+3}
MPRegen 0.61/turn

%: no passive effects
@: no status effects
A: high MP 1, forlorn, divine attributes
a: Evoke Blink


You were on level 11 of the Dungeon.
You visited 1 branch of the dungeon, and saw 12 of its levels.
You also visited: Bailey.

You collected 1148 gold pieces.
You spent 512 gold pieces at shops.

Inventory:

Hand Weapons
 T - a +4 war axe of freezing (weapon)
Armour
 l - the +1 leather armour of Gufaong {Regen+ Dex+4}
   (You found it on level 7 of the Dungeon)

   Dex:       It affects your dexterity (+4).
   Regen:     It increases your rate of health regeneration.
 x - a +0 cloak (worn)
 A - the +5 ring mail "Isov Sar" (worn) {rPois rN++}
   (You found it on level 5 of the Dungeon)

   rPois:     It protects you from poison.
   rN:        It greatly protects you from negative energy.
 B - a +0 pair of boots (worn)
 M - a +0 helmet (worn)
 O - a +1 plate armour of willpower
 Q - a +1 pair of gloves of stealth (worn)
Jewellery
 g - an amulet of magic regeneration (around neck)
 m - a ring of protection from fire (left hand)
 s - a ring of positive energy
 v - a ring of ice
 y - a ring of see invisible
 I - an amulet of the acrobat
 R - an amulet of reflection
 S - the ring of Obsession (right hand) {+Blink rN+ Will+ Dex+3}
   (You found it on level 8 of the Dungeon)

   [ring of willpower]

   Dex:       It affects your dexterity (+3).
   rN:        It protects you from negative energy.
   +Blink:    It lets you blink.
   Will:      It increases your willpower.
Wands
 D - a wand of paralysis (13)
 G - a wand of digging (2)
 N - a wand of mindburst (12)
 U - a wand of iceblast (3)
Scrolls
 a - a scroll of enchant armour
 c - 3 scrolls of fear
 k - 5 scrolls of teleportation {unknown}
 n - 3 scrolls of enchant weapon {unknown}
 r - a scroll of blinking
 t - a scroll of amnesia
 u - 5 scrolls of fog
 w - a scroll of vulnerability
 z - a scroll of silence
 C - a scroll of torment
 F - 2 scrolls of noise
 V - a scroll of immolation
 W - a scroll of identify
 X - 2 scrolls of brand weapon {unknown}
Potions
 b - 3 potions of magic
 d - 2 potions of flight
 e - 2 potions of attraction
 f - 4 potions of curing
 h - a potion of invisibility
 i - a potion of berserk rage
 j - 2 potions of degeneration
 o - 2 potions of might {unknown}
 p - 2 potions of lignification
 q - 3 potions of haste {unknown}
 E - a potion of mutation
 H - 5 potions of heal wounds
 J - 2 potions of cancellation
 K - 2 potions of brilliance
 L - a potion of ambrosia
Miscellaneous
 P - a piece from Xom's chessboard (15/15)


   Skills:
 - Level 1.7 Dodging
 - Level 1.7 Stealth
 - Level 10.0 Spellcasting
 - Level 10.1 Conjurations
 + Level 9.5 Translocations
 + Level 4.0 Transmutations
 + Level 4.0 Earth Magic


You had 21 spell levels left.
You knew the following spells:

 Your Spells              Type           Power      Damage    Failure   Level
a - Magic Dart            Conj           100%       1d8       1%          1
b - Searing Ray           Conj           100%       2d8       1%          2
c - Iskenderun's Mystic   Conj/Tloc      68%        2d14      1%          4
d - Passwall              Tmut/Erth      34%        N/A       2%          2

Your spell library contained the following spells:

 Spells                   Type           Power      Damage    Failure   Level
 Beastly Appendage        Tmut           84%        N/A       1%          1
 Sandblast                Erth           82%        2d17      1%          1
 Blink                    Tloc           100%       N/A       1%          2
 Lesser Beckoning         Tloc           100%       N/A       1%          2
 Momentum Strike          Conj/Tloc      100%       3d10      1%          2
 Stone Arrow              Conj/Erth      100%       3d13      1%          3
 Manifold Assault         Tloc           67%        N/A       1%          4
 Passage of Golubria      Tloc           67%        N/A       1%          4
 Wereblood                Tmut           42%        N/A       2%          2
 Dazzling Flash           Conj/Hex       96%        N/A       3%          3
 Hailstorm                Conj/Ice       48%        3d11      3%          3
 Spider Form              Tmut/Pois      29%        N/A       12%         3
 Fulminant Prism          Conj/Hex       24%        3d12      12%         4
 Ozocubu's Armour         Ice            16%        N/A       28%         3
 Tukima's Dance           Hex            16%        N/A       28%         3
 Dispersal                Tloc           33%        N/A       28%         6
 Ice Form                 Ice/Tmut       29%        N/A       38%         4
 Olgreb's Toxic Radiance  Pois           16%        N/A       67%         4
 Yara's Violent Unravell  Hex/Tmut       14%        3d7       75%         5
 Metabolic Englaciation   Hex/Ice        8%         N/A       95%         5
 Simulacrum               Ice/Necr       8%         N/A       100%        6
 Discord                  Hex            8%         N/A       100%        8
 Disjunction              Tloc           33%        N/A       100%        8
 Ignition                 Fire           8%         3d5       100%        8


Dungeon Overview and Level Annotations

Branches:
Dungeon (12/15)            Temple (0/1) D:4            Lair (0/5) D:9
    Orc (0/2) D:10         Bailey (visited)

Shops:
D:6 ?(!?   D:11 (

Annotations:
D:12 Urug


Innate Abilities, Weirdness & Mutations

You have an increased reservoir of magic. (+10% MP)
You shall have no god before yourself.
Your divine heritage dramatically boosts your attributes as you level up.


Message History

You erupt in a blast of force!
The mystic blast hits the orange demon!
The orange demon is heavily wounded.
The orange demon is knocked back by the mystic blast.
The orange demon slams into the rock wall!
The orange demon is severely wounded.
You now have 26/29 mp.
Casting: Iskenderun's Mystic Blast (dangerous; 1% risk of failure)
Confirm with . or Enter, or press ? or * to list all spells.
You erupt in a blast of force!
The mystic blast hits the orange demon!!
You kill the orange demon!
Your Transmutations skill increases to level 4!
Your Earth Magic skill increases to level 4!
You now have 22/29 mp.
Casting: Iskenderun's Mystic Blast (dangerous; 1% risk of failure)
Confirm with . or Enter, or press ? or * to list all spells.
You erupt in a blast of force!
You now have 19/29 mp.
The cyclops throws a large rock.
The large rock hits you!!
You see here a +0 demon whip of venom.
You take 27 damage, and have 45/74 hp.
MASSIVE DAMAGE!!
Casting: Iskenderun's Mystic Blast (dangerous; 1% risk of failure)
Confirm with . or Enter, or press ? or * to list all spells.
You erupt in a blast of force!
The mystic blast hits the cyclops!
The cyclops is moderately wounded.
The cyclops throws a large rock.
The large rock hits you!!!
* * * LOW HITPOINT WARNING * * *
Unknown command.
You take 35 damage, and have 10/74 hp.
MASSIVE DAMAGE!!
You now have 16/29 mp.
Casting: Iskenderun's Mystic Blast (dangerous; 1% risk of failure)
Confirm with . or Enter, or press ? or * to list all spells.
You erupt in a blast of force!
The mystic blast hits the cyclops!
The cyclops is heavily wounded.
You now have 13/29 mp.
Casting: Iskenderun's Mystic Blast (dangerous; 1% risk of failure)
Confirm with . or Enter, or press ? or * to list all spells.
You erupt in a blast of force!
The mystic blast hits the cyclops.
The cyclops is heavily wounded.
The cyclops throws a large rock.
The large rock hits you!!
You die...

#. #. #. .## .##
... ..#
...####.#######
#..#
...............
...# ####C######
.(.# #>@.#.s.s)#
...#
#.##.##.#.###...###
#.##.#.......s6s...
...#.##.#.####4..##
......##..... #.#
.....####.....# #
....... ..>......
....#.###∩#$....###
#.#.....#


You could see a cyclops.

Vanquished Creatures
  A two-headed ogre (D:11)
  The ghost of Wiggles the Severer, a novice MiBe of Trog (D:9)
  Sonja (D:10)
  Amaemon (D:11)
  Lodul (D:10)
  Pikel (D:6)
  An ugly thing (D:8)
  An orc knight (Bailey)
  A cyclops (D:8)
  A manticore (D:12)
  An orange demon (D:11)
  An unseen horror (D:12)
  A freezing wraith (D:9)
  2 komodo dragons (D:9)
  A hornet (D:10)
  Grinder (D:6)
  A slime creature (D:12)
  2 shadows
  A wraith (D:12)
  6 wyverns
  A basilisk (D:9)
  2 steam dragons
  Menkaure (D:5)
  2 acid dragons
  2 water moccasins
  2 ice beasts
  13 orc warriors
  A swamp drake (D:9)
  2 sky beasts
  A black bear (D:6)
  8 ogres
  3 centaurs
  4 lemures (D:6)
  2 kobold brigands
  3 phantoms
  Blork the orc (D:4)
  4 bullfrogs
  4 scorpions (D:5)
  24 wights
  6 killer bees (D:9)
  5 howler monkeys
  2 orc priests
  2 hounds
  4 jellies
  5 iguanas
  A sleepcap (D:6)
  Ijyb (D:5)
  Natasha (thrice) (D:4)
  10 orc wizards
  8 adders
  4 gnolls (D:6)
  A shadow imp (D:6)
  3 worms
  A dart slug (D:4)
  45 orcs
  4 ball pythons
  6 endoplasms
  3 giant cockroaches
  9 goblins
  11 hobgoblins
  3 jackals (D:2)
  3 quokkas
  5 bats
  3 frilled lizards
  14 kobolds
  6 rats
275 creatures vanquished.

Vanquished Creatures (others)
  A troll (D:8)
  A sky beast (D:8)
  A black bear (D:8)
  An iguana (D:6)
4 creatures vanquished.

Grand Total: 279 creatures vanquished

Notes
Turn   | Place    | Note
-------+----------+-------------------------------------------
     0 | D:1      | spardeous the Demigod Conjurer began the quest for the Orb.
     0 | D:1      | Reached XP level 1. HP: 14/14 MP: 5/5
   164 | D:1      | Reached XP level 2. HP: 18/20 MP: 1/7
  1125 | D:2      | Reached XP level 3. HP: 24/26 MP: 5/9
  1475 | D:2      | Learned a level 2 spell: Searing Ray
  1513 | D:2      | Reached XP level 4. HP: 29/33 MP: 5/11
  2257 | D:4      | Noticed Blork the orc
  2284 | D:4      | Killed Blork the orc
  2285 | D:4      | Reached skill level 5 in Conjurations
  2285 | D:4      | Reached XP level 5. HP: 19/38 MP: 4/13
  2483 | D:4      | Noticed an ice beast
  2491 | D:4      | Killed an ice beast
  2492 | D:4      | Reached XP level 6. HP: 30/45 MP: 7/15
  2741 | D:4      | Found a staircase to the Ecumenical Temple.
  2830 | D:4      | Noticed Natasha
  2835 | D:4      | Killed Natasha
  3187 | D:4      | Noticed Natasha
  3191 | D:4      | Killed Natasha
  3312 | D:4      | Noticed Natasha
  3317 | D:4      | Killed Natasha
  3383 | D:5      | Entered Level 5 of the Dungeon
  3522 | D:5      | Noticed Menkaure
  3528 | D:5      | Killed Menkaure
  3529 | D:5      | Reached skill level 5 in Spellcasting
  3529 | D:5      | Reached XP level 7. HP: 50/50 MP: 12/17
  3533 | D:5      | Identified the +5 ring mail "Isov Sar" {rPois rN++}
  3596 | D:5      | Learned a level 4 spell: Iskenderun's Mystic Blast
  3743 | D:5      | Noticed Ijyb
  3754 | D:5      | Killed Ijyb
  4233 | D:6      | Reached XP level 8. HP: 57/57 MP: 16/20
  4295 | D:6      | Reached skill level 1 in Translocations
  4543 | D:6      | Noticed Grinder
  4556 | D:6      | Killed Grinder
  4725 | D:6      | Found Gunywil's Weapon Shop.
  4749 | D:6      | Found Mafeyfoer's Distillery.
  4764 | D:6      | Bought a potion of heal wounds for 55 gold pieces
  4764 | D:6      | Bought a potion of degeneration for 11 gold pieces
  4764 | D:6      | Bought a potion of flight for 33 gold pieces
  4764 | D:6      | Bought a potion of lignification for 33 gold pieces
  4764 | D:6      | Bought a potion of brilliance for 44 gold pieces
  4764 | D:6      | Bought a potion of ambrosia for 88 gold pieces
  4764 | D:6      | Bought a potion of brilliance for 44 gold pieces
  4782 | D:6      | Found Bytast's Magic Scroll Emporium.
  4795 | D:6      | Bought a scroll of identify for 28 gold pieces
  4795 | D:6      | Bought a scroll of identify for 28 gold pieces
  4795 | D:6      | Bought a scroll of identify for 28 gold pieces
  4953 | D:6      | Noticed Pikel
  5010 | D:6      | Reached XP level 9. HP: 57/62 MP: 11/23
  5019 | D:6      | Killed Pikel
  5163 | D:6      | Found Ulefuin's Magic Scroll Shop.
  5254 | D:7      | Identified the +1 leather armour of Gufaong {Regen+ Dex+4}
  5297 | D:7      | Found a flagged portal.
  5341 | Bailey   | Entered a bailey
  5402 | Bailey   | Reached skill level 5 in Translocations
  5843 | Bailey   | Noticed an orc knight
  5852 | Bailey   | Killed an orc knight
  6248 | D:7      | Reached XP level 10. HP: 69/69 MP: 19/26
  6691 | D:8      | Noticed a cyclops
  6691 | D:8      | Noticed a green ugly thing
  6707 | D:8      | Killed a green ugly thing
  6760 | D:8      | Killed a cyclops
  6761 | D:8      | Reached skill level 10 in Conjurations
  6926 | D:8      | Identified the ring of Obsession {+Blink rN+ Will+ Dex+3}
  8330 | D:6      | Bought a scroll of identify for 24 gold pieces
  8330 | D:6      | Bought a scroll of identify for 24 gold pieces
  8330 | D:6      | Bought a scroll of identify for 24 gold pieces
  8330 | D:6      | Bought a scroll of identify for 24 gold pieces
  8330 | D:6      | Bought a scroll of identify for 24 gold pieces
  8661 | D:9      | Found a runed translucent door.
  8661 | D:9      | Noticed Wiggles's ghost (novice MiBe)
  9470 | D:9      | Reached XP level 11. HP: 74/74 MP: 5/29
  9607 | D:9      | Found a staircase to the Lair.
  9758 | D:9      | Learned a level 2 spell: Passwall
  9815 | D:9      | Killed Wiggles's ghost
  9816 | D:9      | Reached skill level 10 in Spellcasting
  9940 | D:10     | Entered Level 10 of the Dungeon
  9953 | D:10     | Noticed Lodul
 10146 | D:10     | Noticed Sonja
 10148 | D:10     | Reached skill level 1 in Transmutations
 10148 | D:10     | Reached skill level 1 in Earth Magic
 10148 | D:10     | Killed Sonja
 10304 | D:10     | Killed Lodul
 10418 | D:10     | Found a staircase to the Orcish Mines.
 10420 | D:10     | You fall into a shaft and drop 2 floors!
 10774 | D:12     | Noticed Urug
 10845 | D:11     | Noticed a two-headed ogre
 10851 | D:11     | Killed a two-headed ogre
 10872 | D:11     | Found Neijahoz's Antique Weapon Shop.
 10875 | D:11     | Noticed Amaemon
 10925 | D:11     | Killed Amaemon
 10980 | D:11     | Hit by a large rock thrown by a cyclops

Illustrated notes

Levels and vault maps discovered:
D:1:      scummos_arrival_hexagon, layout_loops_ring, minmay_misc_feat_pillars
D:2:      layout_rooms, basic_altar, grunt_ministairs_15
D:3:      layout_rooms, nicolae_overflow_ecumenical_swirl
D:4:      layout_basic, fedhas_altar_4, minmay_temple_entry_butterflies,
          chequers_big_river, supply_closet_lemuel, uniq_blork_the_orc,
          uniq_natasha
D:5:      layout_basic, amcnicky_altar_gilded, uniq_menkaure, uniq_ijyb
D:6:      layout_cave_pools, mainiacjoe_overflow_catwalk, serial_shops, shop,
          nicolae_take_the_stairs, nicolae_shop_industrial_runoff, shop,
          uniq_pikel, uniq_grinder
D:7:      layout_loops_ring, nicolae_overflow_crystal_walls, enter_bailey_2
D:8:      layout_loops_corners, xom_confusion_cloud, zin_treasury,
          minmay_radiant
D:9:      layout_stronghold, erik_lair_dragon, ebering_ghost_inner_flame
D:10:     layout_cave_pools, david_orc_3, uniq_lodul, uniq_sonja
D:11:     layout_loops_ring, serial_shops, shop, shop,
          nicolae_shop_real_fake_doors, uniq_amaemon
D:12:     layout_cave_pods, nicolae_wwwww, uniq_urug

Skill      XL: |  1  2  3  4  5  6  7  8  9 10 11 |
---------------+----------------------------------+-----
Spellcasting   | 2 3 4 5 6 7 8 9 10 | 10.0
Conjurations   | 4 5 6 7 8 9 10 | 10.1
Translocations | 3 5 8 9 |  9.5
Transmutations | 4 |  4.0
Earth Magic    | 4 |  4.0
Dodging        | |  1.7
Stealth        | |  1.7

Action                     |  1- 3 |  4- 6 |  7- 9 | 10-12 || total
---------------------------+-------+-------+-------+-------++-------
  Melee: Unarmed           |     1 |       |       |       ||     1
         Dagger            |       |       |     1 |     3 ||     4
         War axe           |       |       |       |     8 ||     8
   Cast: Magic Dart        |    88 |   123 |   108 |    16 ||   335
         Searing Ray       |       |    12 |    35 |     2 ||    49
         Iskenderun's Myst |       |       |    67 |   199 ||   266
    Use: Scroll            |       |       |     9 |     5 ||    14
 Armour: Robe              |    26 |       |       |       ||    26
         Leather armour    |     3 |     4 |       |       ||     7
         Ring mail         |       |       |    60 |    30 ||    90
  Dodge: Dodged            |    58 |    13 |    60 |    28 ||   159
